 Dungeon Crawl Stone Soup version 0.26.1-2-gb8aa6d0cf2 (webtiles) character file.

Game seed: 2407558609560576061

54 Gabide the Digger (level 3, 0/19 HPs)
             Began as a Gargoyle Earth Elementalist on Mar 5, 2021.
             Slain by a gnoll
             ... wielding a cursed -2 spear
              (5 damage)
             ... on level 2 of the Dungeon.
             The game lasted 00:02:49 (1904 turns).

Gabide the Digger (Gargoyle Earth Elementalist)     Turns: 1904, Time: 00:02:50

Health: 0/19       AC:  5    Str: 11    XL:     3   Next: 91%
Magic:  1/6        EV: 12    Int: 16    God:
Gold:   150        SH:  0    Dex: 10    Spells: 1/7 levels left

rFire    . . .     SeeInvis .     - Unarmed
rCold    . . .     Faith    .   (no shield)
rNeg     + . .     Spirit   .   c - +0 robe
rPois    ∞         Reflect  .   (no helmet)
rElec    +         Harm     .   (no cloak)
rCorr    .         Rampage  .   (no gloves)
Will     .....                  (no boots)
Stlth    ++........             (no amulet)
HPRegen  0.06/turn              (no ring)
MPRegen  0.10/turn              (no ring)

@: no status effects
A: negative energy resistance 1, electricity resistance, unbreathing,
petrification resistance, miasma immunity, AC +3
a: no special abilities


You were on level 2 of the Dungeon.
You visited 1 branch of the dungeon, and saw 2 of its levels.

You collected 150 gold pieces.

Inventory:

Missiles
 b - 7 stones
Armour
 c - a +0 robe (worn)
Scrolls
 g - a scroll of blinking {unknown}
Potions
 a - a potion of berserk rage {unknown}
 d - a potion of invisibility
 e - a potion of flight {unknown}
 f - 2 potions of brilliance {unknown}
 i - a potion of attraction {unknown}


   Skills:
 * Level 1.9 Dodging
 - Level 2.1 Stealth
 * Level 1.0 Unarmed Combat
 + Level 2.6 Spellcasting
 * Level 0.1 Conjurations
 + Level 0.7 Transmutations
 + Level 4.5 Earth Magic


You had one spell level left.
You knew the following spells:

 Your Spells              Type           Power        Failure   Level
a - Sandblast             Erth           32%          3%          1
b - Passwall              Tmut/Erth      8%           10%         2
c - Stone Arrow           Conj/Erth      18%          22%         3

Your spell library contained the following spells:

 Spells                   Type           Power        Failure   Level
 Petrify                  Tmut/Erth      10%          54%         4
 Lee's Rapid Deconstruct  Erth           8%           63%         5


Dungeon Overview and Level Annotations

Branches:
Dungeon (2/15)

Altars:


Innate Abilities, Weirdness & Mutations

You are resistant to torment.
Your stone body is resilient. (AC +3)
You are immune to poison.
You resist negative energy. (rN+)
You are resistant to electric shocks. (rElec)
You can survive without breathing.
You are immune to petrification.
You are immune to miasma.


Message History

You kill the jackal!
The jackal barely misses you.
There are monsters nearby!
The blast of sand hits the jackal.
You kill the jackal!
The blast of sand hits the gnoll but does no damage.
The gnoll hits you from afar with a cursed -2 spear!
The blast of sand hits the gnoll.
The gnoll is heavily wounded.
The gnoll hits you but does no damage.
The gnoll hits you with a cursed -2 spear.
* * * LOW HITPOINT WARNING * * *
The gnoll misses you.
A gnoll comes into view. It is wielding a +0 whip.
You see here a jackal corpse.
You are too injured to fight recklessly!
The gnoll barely misses you.
A gnoll comes into view. It is wielding a +0 club.
The gnoll hits you from afar with a cursed -2 spear.
You die...

#.####...#
.#.#######
########.#
###>#. #.
.........#
... #.
########.#
.## #. #.#
.# #.# .#
#.# .#
#.#######.##
#....@.gg..#
#########†g#
..# ..# .g#
... ..## #.#
######


You could see 3 gnolls.

Vanquished Creatures
  3 oozes (D:1)
  2 worms (D:2)
  2 dart slugs
  A giant cockroach (D:1)
  2 hobgoblins
  3 jackals (D:2)
  4 kobolds
  8 bats
  3 frilled lizards
  7 rats (D:1)
35 creatures vanquished.

Notes
Turn   | Place    | Note
-------+----------+-------------------------------------------
     0 | D:1      | Gabide the Gargoyle Earth Elementalist began the quest for
                  | the Orb.
     0 | D:1      | Reached XP level 1. HP: 10/10 MP: 3/3
   197 | D:1      | Reached skill level 4 in Earth Magic
   197 | D:1      | Reached XP level 2. HP: 15/15 MP: 3/5
   734 | D:1      | Reached XP level 3. HP: 19/19 MP: 4/6
  1397 | D:2      | Learned a level 2 spell: Passwall
  1401 | D:2      | Learned a level 3 spell: Stone Arrow
  1895 | D:2      | Reached skill level 1 in Unarmed Combat
  1904 | D:2      | Slain by a gnoll

Illustrated notes

Levels and vault maps discovered:
D:1:      eino_arrival_cavern_b, layout_basic, minivault_11
D:2:      layout_loops_ring, lemuel_round_altar

Skill      XL: |  1  2  3 |
---------------+----------+-----
Earth Magic    | 4 |  4.5
Unarmed Combat | 1 |  1.0
Dodging        | |  1.9
Stealth        | |  2.1
Spellcasting   | |  2.6
Conjurations   | |  0.1
Transmutations | |  0.7

Action                   || total
-------------------------++-------
Melee: Unarmed           ||     2
 Cast: Sandblast         ||    56
  Use: Scroll            ||     2
Armor: Robe              ||     7
Dodge: Dodged            ||    19
